 Dungeon Crawl Stone Soup version 0.30.0-5-g1a98f26d00 (webtiles) character file.

Game seed: 1782411787665515699

4337 SnakkuSnakku7 the Martial Artist (level 10, -7/76 HPs)
             Began as a Vampire Hedge Wizard on May 12, 2023.
             Was a High Priest of Ru.
             Mangled by a yak (9 damage)
             ... on level 9 of the Dungeon.
             The game lasted 00:16:29 (7934 turns).

SnakkuSnakku7 the Martial Artist (VpHW)             Turns: 7934, Time: 00:16:30

Health: -7/76      AC:  9    Str: 11    XL:     10   Next: 12%
Magic:  14/14      EV: 17    Int: 20    God:    Ru [*****.]
Gold:   206        SH:  0    Dex: 13    Spells: 2/15 levels left

rFire   . .          .
                       - Unarmed
rCold   . . .        (shield unavailable)
rNeg    . . .        g - +1 robe {Will+}
rPois   .            F - +2 hat {SInv}
rElec   .            m - +0 cloak
rCorr   .            (no gloves)
SInv    +            p - +2 pair of boots
Will    ++...        (no amulet)
Stlth   ++           (ring unavailable)
HPRegen 0.52/turn    C - +5 ring of evasion
MPRegen 0.14/turn

%: no passive effects
@: healing quickly
A: alive, fangs 3, see invisible, missing a hand, inability to use devices,
vampiric 2
a: Exsanguinate, Renounce Religion, Draw Out Power, Power Leap, Apocalypse


You were on level 9 of the Dungeon.
You worshipped Ru.
Ru was extremely pleased with you.
You visited 2 branches of the dungeon, and saw 10 of its levels.

You collected 444 gold pieces.
You spent 238 gold pieces at shops.

Inventory:

Hand Weapons
 a - a +0 dagger
Missiles
 e - 2 curare-tipped darts (quivered)
 t - 2 throwing nets
 w - 11 poisoned darts
Armour
 g - a +1 robe of willpower (worn)
 m - a +0 cloak (worn)
 p - a +2 pair of boots (worn)
 F - a +2 hat of see invisible (worn)
Jewellery
 h - a ring of protection from fire
 l - a +6 ring of strength
 C - a +5 ring of evasion (right hand)
 H - a ring of willpower
Scrolls
 b - a scroll of brand weapon {unknown}
 j - a scroll of silence
 k - 3 scrolls of blinking
 n - 2 scrolls of vulnerability
 o - 4 scrolls of teleportation
 r - a scroll of amnesia
 v - a scroll of noise {unknown}
 B - a scroll of fog {unknown}
 E - a scroll of magic mapping {unknown}
 G - 2 scrolls of enchant armour
Potions
 c - a potion of might {unknown}
 d - 4 potions of magic
 f - 2 potions of haste
 i - 2 potions of cancellation
 s - a potion of attraction
 x - 2 potions of resistance
 z - 4 potions of flight {unknown}
 A - a potion of curing


   Skills:
 - Level 6.0 Fighting
 - Level 2.1 Dodging
 - Level 3.0 Stealth
 - Level 12.0 Unarmed Combat
 - Level 3.0 Spellcasting
 - Level 0.6 Conjurations
 - Level 1.0 Summonings
 - Level 0.7 Translocations
 + Level 6.2 Transmutations
 + Level 3.0 Ice Magic
 - Level 2.0 Poison Magic


You had 2 spell levels left.
You knew the following spells:

 Your Spells              Type           Power      Damage    Failure   Level
a - Spider Form           Tmut/Pois      19%        N/A       8%          3
b - Magic Dart            Conj           20%        1d4       11%         1
c - Storm Form            Tmut/Air       7%         N/A       100%        7
d - Blink                 Tloc           10%        N/A       16%         2

Your spell library contained the following spells:

 Spells                   Type           Power      Damage    Failure   Level
 Beastly Appendage        Tmut           54%        N/A       1%          1
 Wereblood                Tmut           27%        N/A       1%          2
 Necrotise                Necr           12%        1d4       14%         1
 Slow                     Hex            12%        N/A       14%         1
 Call Imp                 Summ           14%        N/A       14%         2
 Cigotuvi's Dreadful Rot  Necr/Pois/Air  10%        N/A       17%         2
 Static Discharge         Conj/Air       8%         2-3/arc   19%         2
 Ice Form                 Ice/Tmut       21%        N/A       22%         4
 Call Canine Familiar     Summ           7%         N/A       28%         3
 Mephitic Cloud           Conj/Pois/Air  6%         N/A       30%         3
 Blade Hands              Tmut           13%        N/A       30%         5
 Portal Projectile        Hex/Tloc       8%         N/A       36%         3
 Vhi's Electric Charge    Tloc/Air       8%         N/A       36%         3
 Tukima's Dance           Hex            3%         N/A       38%         3
 Vampiric Draining        Necr           3%         2d6       38%         3
 Passage of Golubria      Tloc           5%         N/A       71%         4
 Summon Lightning Spire   Summ/Air       5%         N/A       75%         4
 Airstrike                Air            1%         2d(1-17)  80%         4
 Leda's Liquefaction      Hex/Erth       1%         N/A       80%         4
 Agony                    Necr           3%         N/A       98%         5
 Arcjolt                  Conj/Air       2%         1d12      98%         5
 Silence                  Hex/Air        1%         N/A       98%         5
 Plasma Beam              Fire/Air       1%         2x1d12    100%        6
 Malign Gateway           Summ/Tloc      3%         N/A       100%        7
 Lehudib's Crystal Spear  Conj/Erth      2%         10d2      100%        8
 Maxwell's Capacitive Co  Air            1%         ∞         100%        8
 Summon Horrible Things   Summ           3%         N/A       100%        8


Dungeon Overview and Level Annotations

Branches:
Dungeon (9/15)             Temple (1/1) D:4
   Lair: D:8-11         Orc: D:9-12

Altars:
Ashenzari
Cheibriados
Dithmenos
Fedhas
Gozag
Hepliaklqana
Kikubaaqudgha
Makhleb
Nemelex Xobeh
Okawaru
Qazlal
Ru
Sif Muna
Trog
Uskayaw
Vehumet
Wu Jian
Xom
Yredelemnul

Shops:
D:2 !   D:7 :


Innate Abilities, Weirdness & Mutations

Your natural rate of healing is accelerated.
You have razor-sharp teeth.
You have supernaturally acute eyesight. (SInv)
You are missing a hand.
You cannot study or use magical devices.
You are afflicted with vampirism and can become a bat while bloodless.


Message History

You hit the yak.
The yak is almost dead.
You hit the yak. You bite the yak, but do no damage.
The yak is almost dead.
The yak misses you. The yak barely misses you.
You barely miss the yak.
The yak is almost dead.
The yak misses you. The yak gores you!
* * * LOW HITPOINT WARNING * * *
You hit the yak. Your bite misses the yak.
The yak is almost dead.
The yak gores you!
* * * LOW HITPOINT WARNING * * *
The yak completely misses you.
You punch the yak!
You kill the yak!
Your Ice Magic skill increases to level 3!
Okay, then.
You punch the yak!
The yak is lightly wounded.
The yak closely misses you.
You punch the yak!
The yak is heavily wounded.
The yak gores you but does no damage.
You hit the yak.
The yak is heavily wounded.
The yak misses you.
You hit the yak.
The yak is severely wounded.
The yak closely misses you.
You barely miss the yak.
The yak is severely wounded.
You closely miss the yak.
The yak is severely wounded.
The yak gores you!
* * * LOW HITPOINT WARNING * * *
You hit the yak.
The yak is severely wounded.
The yak gores you!
You die...

#..............................
#........##########............
########.#........#......†..Y..
#.#........##.....#
#.#.........#.....# .
#.#.........#.....# #.
###.#.........#.....# #.
#...#....†....#.....# #.
##...#####@#####.....# #.
#.........Y.../......#####.
#..........................
#........................).
#..###.....................
#..# #.....................
#..# #.....................
#..# #..##################.
#### #..# #.


You could see a yak.

Vanquished Creatures
  A hornet (D:9)
  Grinder (D:5)
  A spriggan (D:7)
  2 yaks (D:9)
  2 steam dragons
  Duvessa (D:6)
  2 water moccasins
  An orc warrior (D:7)
  A sky beast (D:8)
  A black bear (D:5)
  2 ogres (D:5)
  2 centaurs
  A phantom (D:6)
  A bullfrog (D:7)
  A scorpion (D:5)
  13 wights
  Dowan (D:6)
  8 howler monkeys
  A jelly (D:4)
  Crazy Yiuf (D:7)
  7 orc priests
  5 hounds
  2 gnoll boudas
  3 iguanas
  9 orc wizards
  A sleepcap (D:4)
  17 gnolls
  11 adders
  A white imp (D:5)
  2 worms
  3 dart slugs
  27 orcs
  9 bats
  5 endoplasms
  7 giant cockroaches
  4 goblins
  9 hobgoblins
  7 kobolds
  2 quokkas
  5 ball pythons
  4 frilled lizards
  5 rats
189 creatures vanquished.

Vanquished Creatures (others)
  An orc (D:7)
1 creature vanquished.

Grand Total: 190 creatures vanquished

Notes
Turn   | Place    | Note
-------+----------+-------------------------------------------
     0 | D:1      | SnakkuSnakku7 the Vampire Hedge Wizard began the quest for
                  | the Orb.
     0 | D:1      | Reached XP level 1. HP: 13/13 MP: 4/4
   146 | D:1      | Reached skill level 1 in Unarmed Combat
   187 | D:1      | Reached XP level 2. HP: 13/20 MP: 6/6
   192 | D:1      | Reached skill level 1 in Fighting
   532 | D:1      | Reached skill level 2 in Unarmed Combat
   615 | D:1      | Gained mutation: You are afflicted with vampirism and can
                  | become a bat while bloodless. [Vampire growth]
   615 | D:1      | Reached XP level 3. HP: 26/26 MP: 7/7
   619 | D:1      | Learned a level 3 spell: Spider Form
   868 | D:2      | Found Axil's Distillery.
   872 | D:2      | Bought a potion of degeneration for 12 gold pieces
  1114 | D:2      | Bought a potion of lignification for 36 gold pieces
  1289 | D:2      | Reached skill level 1 in Transmutations
  1570 | D:2      | Found a hide-covered altar of Uskayaw.
  1942 | D:3      | Reached XP level 4. HP: 25/32 MP: 4/8
  1984 | D:3      | Found a stormy altar of Qazlal.
  2244 | D:2      | Bought a potion of heal wounds for 60 gold pieces
  2258 | D:3      | Reached skill level 3 in Unarmed Combat
  2420 | D:3      | Found a broken altar of Ashenzari.
  2784 | D:4      | Reached XP level 5. HP: 10/37 MP: 9/9
  2934 | D:4      | Found a staircase to the Ecumenical Temple.
  2948 | Temple   | Entered the Ecumenical Temple
  3366 | D:4      | Reached skill level 4 in Unarmed Combat
  3758 | D:5      | Entered Level 5 of the Dungeon
  3808 | D:5      | Reached XP level 6. HP: 29/43 MP: 10/10
  3881 | D:5      | Reached skill level 5 in Unarmed Combat
  4103 | D:4      | Reached skill level 5 in Transmutations
  4103 | D:4      | Reached XP level 7. HP: 32/48 MP: 11/11
  4228 | D:5      | Reached skill level 1 in Poison Magic
  4234 | D:5      | Reached skill level 6 in Unarmed Combat
  4294 | D:5      | Found a sacrificial altar of Ru.
  4348 | D:5      | Became a worshipper of Ru the Awakened
  4489 | D:5      | Found a radiant altar of Vehumet.
  4500 | D:5      | Reached skill level 7 in Unarmed Combat
  4674 | D:5      | Noticed Grinder
  4686 | D:5      | Killed Grinder
  4687 | D:5      | Reached skill level 8 in Unarmed Combat
  4687 | D:5      | Reached XP level 8. HP: 42/54 MP: 9/12
  5003 | D:6      | Reached skill level 9 in Unarmed Combat
  5205 | D:6      | Found a hide-covered altar of Uskayaw.
  5230 | D:6      | Noticed Duvessa
  5253 | D:6      | Killed Duvessa
  5254 | D:6      | Reached skill level 10 in Unarmed Combat
  5258 | D:6      | Noticed Dowan
  5268 | D:6      | Killed Dowan
  5297 | D:6      | Found a shimmering altar of Xom.
  5315 | D:6      | Learned a level 7 spell: Storm Form
  5318 | D:6      | Learned a level 2 spell: Blink
  5383 | D:6      | Gained mutation: You are missing a hand. [Ru sacrifice]
  5383 | D:6      | Reached * piety under Ru
  5383 | D:6      | Reached ** piety under Ru
  5383 | D:6      | Reached *** piety under Ru
  5718 | D:7      | Reached XP level 9. HP: 61/62 MP: 13/13
  5985 | D:7      | Found a hazy altar of Hepliaklqana.
  6033 | D:7      | Found a runed translucent door.
  6034 | D:7      | Noticed Crazy Yiuf
  6064 | D:7      | Reached skill level 11 in Unarmed Combat
  6220 | D:7      | Found Jaech's Tiny Tomes.
  6411 | D:7      | Bought the Compilation of Hypothermia for 130 gold pieces
  6470 | D:7      | Killed Crazy Yiuf
  6896 | D:7      | Reached skill level 5 in Fighting
  7098 | D:8      | Identified the +4 dagger of Unpleasantness {flame, rN+}
  7195 | D:8      | Reached skill level 12 in Unarmed Combat
  7524 | D:9      | Reached skill level 1 in Ice Magic
  7722 | D:9      | Reached XP level 10. HP: 16/76 MP: 14/14
  7884 | D:9      | Gained mutation: You cannot study or use magical devices.
                  | [Ru sacrifice]
  7884 | D:9      | Reached **** piety under Ru
  7884 | D:9      | Reached ***** piety under Ru
  7933 | D:9      | HP: 2/76 [yak (14)]
  7934 | D:9      | Mangled by a yak

Illustrated notes

Levels and vault maps discovered:
D:1:      sevenhm_arrival_forest_fort_large_4, layout_basic
D:2:      layout_basic, basic_altar, serial_shops, shop
D:3:      layout_rooms, marbit_many_paths, nicolae_qazlal_eye_of_the_storm,
          dk_noncrumbling_4
D:4:      nicolae_cairo_tiling, layout_cave_pools,
          minmay_temple_entry_offerings, kennysheep_flooded_box, st_stairs_4,
          kennysheep_generic_room_11
D:5:      nicolae_BIG_FREAKIN_CUBE, layout_basic, nicolae_vehumet_radiance,
          tso_metal_star, mainiacjoe_overflow_concentric_impassable,
          uniq_grinder
D:6:      layout_basic, xom_teletrap_fun, lemuel_tele_altar, grunt_ministairs_6,
          uniq_duvessa
D:7:      layout_cave_pools, mainiacjoe_overflow_brackets,
          nicolae_shop_i_like_small_books_too, the_hattery,
          uniq_crazy_yiuf_cottage
D:8:      layout_basic
D:9:      layout_irregular_city, uniq_amaemon
Temple:   nicolae_temple_superstar

Skill      XL: |  1  2  3  4  5  6  7  8  9 10 |
---------------+-------------------------------+-----
Unarmed Combat | 1 2 3 4 5 8 10 12 | 12.0
Fighting       | 1 2 6 |  6.0
Transmutations | 1 2 3 5 6 |  6.2
Poison Magic   | 2 |  2.0
Ice Magic      | 2 3 |  3.0
Dodging        | |  2.1
Stealth        | |  3.0
Spellcasting   | |  3.0
Conjurations   | |  0.6
Summonings     | |  1.0
Translocations | |  0.7

Action                     |  1- 3 |  4- 6 |  7- 9 | 10-12 || total
---------------------------+-------+-------+-------+-------++-------
  Melee: Dagger            |   169 |       |       |       ||   169
         Bite              |    32 |    28 |    23 |     5 ||    88
         Unarmed           |    21 |   262 |   379 |    23 ||   685
         Punch             |     1 |    10 |     4 |       ||    15
  Throw: Dart              |       |     4 |       |       ||     4
         Throwing net      |       |     1 |       |       ||     1
   Cast: Magic Dart        |     4 |       |       |       ||     4
         Spider Form       |       |     1 |    10 |       ||    11
 Invoke: Sacrifice a Hand  |       |       |     1 |       ||     1
         Sacrifice Artific |       |       |       |     1 ||     1
Ability: Exsanguinate      |       |       |     1 |       ||     1
         Revivify          |       |       |     1 |       ||     1
  Evoke: Wand              |       |       |     5 |       ||     5
    Use: Scroll            |       |     7 |     6 |       ||    13
         Potion            |       |     1 |     2 |       ||     3
   Stab: Sleeping          |     8 |     6 |     6 |       ||    20
         Invisible         |       |       |     3 |       ||     3
 Armour: Robe              |    37 |    60 |    61 |     2 ||   160
         Skin              |       |     2 |     4 |       ||     6
  Dodge: Dodged            |   122 |   161 |   249 |    16 ||   548
